 Dungeon Crawl Stone Soup version 0.27-a0-412-g8dd771eca2 (console) character file.

Game seed: 12704538565710513602

4514 Garrluk the Fighter (level 10, -9/83 HPs)
             Began as a Human Wanderer on Feb 24, 2021.
             Was a Priest of Qazlal.
             Splashed by Maurice's acid (11 damage)
             ... on level 9 of the Dungeon.
             The game lasted 00:47:54 (8088 turns).

Garrluk the Fighter (Human Wanderer)                Turns: 8088, Time: 00:47:54

Health: -9/83      AC: -3    Str: 19    XL:     10   Next: 65%
Magic:  16/16      EV: 11    Int: 18    God:    Qazlal [***...]
Gold:   58         SH:  3    Dex: 14    Spells: 11/17 levels left

rFire    . . .     SeeInvis .   b - +4 flail (protect)
rCold    . . .     Faith    .   (no shield)
rNeg     . . .     Spirit   .   d - +1 leather armour {Will+}
rPois    .         Reflect  .   D - +0 hat of Purpose {Str+4}
rElec    .         Harm     .   (no cloak)
rCorr    .         Rampage  .   (no gloves)
Will     ++...                  (no boots)
Stlth    +.........             (no amulet)
HPRegen  0.23/turn              x - ring of willpower
MPRegen  0.15/turn              t - +6 ring of intelligence

@: about to teleport, corroded
A: no striking features
a: Renounce Religion, Upheaval, Elemental Force


You were on level 9 of the Dungeon.
You worshipped Qazlal.
Qazlal was most pleased with you.
You visited 1 branch of the dungeon, and saw 9 of its levels.

You collected 58 gold pieces.

Notes
Turn   | Place    | Note
-------+----------+-------------------------------------------
     0 | D:1      | Garrluk the Human Wanderer began the quest for the Orb.
     0 | D:1      | Garrluk set off with the following items: a +0 hand
                  | crossbow, 23 bolts, a potion of curing, a +0 robe; and the
                  | following spell memorised: Magic Dart; and the following
                  | spells available to memorise: Blink, Call Imp, Slow,
                  | Conjure Flame, Mephitic Cloud
     0 | D:1      | Reached XP level 1. HP: 16/16 MP: 3/3
   141 | D:1      | Reached XP level 2. HP: 22/22 MP: 5/5
   206 | D:1      | Learned a level 2 spell: Blink
   440 | D:1      | Reached XP level 3. HP: 28/28 MP: 1/6
   751 | D:2      | Reached XP level 4. HP: 4/35 MP: 8/8
   788 | D:2      | Found an ancient bone altar of Kikubaaqudgha.
   790 | D:2      | Noticed Natasha
   843 | D:2      | Found a hide-covered altar of Uskayaw.
   843 | D:2      | Noticed a +0 hand axe
   843 | D:2      | Noticed a +3 dagger
  1107 | D:2      | Reached XP level 5. HP: 21/41 MP: 9/9
  1228 | D:2      | Killed Natasha
  1249 | D:2      | Noticed Terence
  1256 | D:2      | Killed Terence
  1272 | D:2      | Reached XP level 6. HP: 16/47 MP: 11/11
  1513 | D:3      | Noticed Sigmund
  1550 | D:4      | Noticed an ogre
  1554 | D:4      | Killed an ogre
  1779 | D:4      | Found a stormy altar of Qazlal.
  1784 | D:4      | Became a worshipper of Qazlal Stormbringer
  1797 | D:4      | Reached XP level 7. HP: 48/54 MP: 13/13
  1851 | D:4      | Reached skill level 1 in Invocations
  1934 | D:5      | Entered Level 5 of the Dungeon
  2185 | D:5      | Noticed Pikel
  2278 | D:5      | Reached skill level 5 in Fighting
  3192 | D:6      | Reached * piety under Qazlal
  3211 | D:6      | Found a snail-covered altar of Cheibriados.
  3240 | D:6      | Reached XP level 8. HP: 62/62 MP: 4/14
  3317 | D:6      | Found a staircase to the Ecumenical Temple.
  3399 | D:6      | Found a sparkling altar of Nemelex Xobeh.
  3459 | D:6      | Found a glowing silver altar of Zin.
  3894 | D:6      | Reached skill level 5 in Invocations
  4270 | D:7      | Reached XP level 9. HP: 61/71 MP: 15/15
  4375 | D:7      | Reached skill level 5 in Armour
  4465 | D:7      | Reached ** piety under Qazlal
  4854 | D:7      | Learned a level 3 spell: Mephitic Cloud
  5480 | D:8      | Found a glowing golden altar of the Shining One.
  5623 | D:8      | Got a brightly glowing hat
  5629 | D:8      | Identified the +0 hat of Purpose {Str+4} (You found it on
                  | level 8 of the Dungeon)
  5897 | D:8      | Reached XP level 10. HP: 79/80 MP: 16/16
  5946 | D:8      | Found an opulent altar of Gozag.
  5946 | D:8      | Found Gozag's Platinum Reserve.
  5982 | D:8      | Found a radiant altar of Vehumet.
  5983 | D:8      | Found a basalt altar of Yredelemnul.
  5984 | D:8      | Found a burning altar of Makhleb.
  5984 | D:8      | Found a white marble altar of Elyvilon.
  5986 | D:8      | Found a sparkling altar of Nemelex Xobeh.
  5986 | D:8      | Found a broken altar of Ashenzari.
  6979 | D:8      | Noticed a komodo dragon
  6998 | D:8      | Killed a komodo dragon
  7451 | D:8      | Found a staircase to the Lair.
  7685 | D:9      | Noticed Prince Ribbit
  7693 | D:9      | Killed Prince Ribbit
  7693 | D:9      | Reached *** piety under Qazlal
  7892 | D:9      | Noticed Maurice
  8088 | D:9      | HP: 2/83 [Maurice/bolt of acid (21)]
  8088 | D:9      | Splashed by Maurice's acid

Inventory:

Hand Weapons
 a - a +0 hand crossbow
 b - a +4 flail of protection (weapon)
   (You took it off an orc on level 2 of the Dungeon)
 m - a +0 hunting sling
   (You took it off a goblin on level 2 of the Dungeon)
Missiles
 c - 26 bolts
 g - 12 boomerangs (quivered)
 h - 62 sling bullets
 p - 22 arrows
 A - 2 poisoned darts
Armour
 d - a +1 leather armour of willpower (worn)
   (You took it off an orc priest on level 2 of the Dungeon)
 e - a +0 robe
 k - a scarf of harm
   (You found it on level 7 of the Dungeon)
 y - a +2 scale mail of cold resistance
   (You took it off an orc on level 5 of the Dungeon)
 D - the +0 hat of Purpose (worn) {Str+4}
   (You found it on level 8 of the Dungeon)

   It affects your strength (+4).
Jewellery
 q - a ring of flight
   (You found it on level 2 of the Dungeon)
 s - a ring of fire
   (You took it off a hobgoblin on level 3 of the Dungeon)
 t - a +6 ring of intelligence (right hand)
   (You found it on level 3 of the Dungeon)
 x - a ring of willpower (left hand)
   (You took it off an orc on level 9 of the Dungeon)
Wands
 j - a wand of digging (2)
   (You found it on level 5 of the Dungeon)
 v - a wand of charming (7)
   (You found it on level 4 of the Dungeon)
Scrolls
 f - 3 scrolls of fog
 o - 2 scrolls of enchant armour
 u - a scroll of magic mapping
 z - 3 scrolls of teleportation
Potions
 i - 2 potions of mutation
 l - a potion of brilliance
 n - a potion of heal wounds
 r - 2 potions of curing
 B - a potion of might {unknown}
 C - 2 potions of attraction {unknown}

Table legend: (Time is in decaauts)
 A = Elapsed time spent in this place.
 B = Non-inter-level travel time spent in this place.
 C = Inter-level travel time spent in this place.
 D = Time resting spent in this place.
 E = Time spent auto-exploring this place.
 F = Levels seen in this place.
 G = Mean time per level.
                   A        B        C        D        E       F      G
               +--------+--------+--------+--------+--------+-----+--------+
         Total |   8371 |   8076 |    295 |   2309 |    175 |   9 |  930.1 |
       Dungeon |   8371 |   8076 |    295 |   2309 |    175 |   9 |  930.1 |
               +--------+--------+--------+--------+--------+-----+--------+

Top non-repeatable levels by time:
     D:8: 2244 daAuts
     D:7: 1329 daAuts
     D:6: 1210 daAuts
     D:5: 1004 daAuts
     D:2: 732 daAuts
     D:1: 647 daAuts
     D:9: 556 daAuts
     D:4: 441 daAuts
     D:3: 203 daAuts


   Skills:
 * Level 9.5 Fighting
 - Level 1.0 Crossbows
 - Level 1.0 Throwing
 + Level 6.7 Armour
 - Level 4.0 Spellcasting
 - Level 0.4 Conjurations
 - Level 2.4 Translocations
 * Level 9.2 Invocations
 - Level 1.0 Evocations


You had 11 spell levels left.
You knew the following spells:

 Your Spells              Type           Power        Failure   Level
a - Magic Dart            Conj           20%          14%         1
b - Blink                 Tloc           N/A          10%         2
d - Mephitic Cloud        Conj/Pois/Air  4%           43%         3

Your spell library contained the following spells:

 Spells                   Type           Power        Failure   Level
 Call Imp                 Summ           3%           26%         2
 Slow                     Hex            3%           26%         2
 Conjure Flame            Conj/Fire      4%           43%         3


Dungeon Overview and Level Annotations

Branches:
Dungeon (9/15)             Temple (0/1) D:6            Lair (0/6) D:8
    Orc: D:9-12

Altars:
Ashenzari
Cheibriados
Elyvilon
Gozag
Kikubaaqudgha
Makhleb
Nemelex Xobeh
Qazlal
Uskayaw
Vehumet
Yredelemnul
Zin
The Shining One

Shops:
D:8 *

Annotations:
D:3 Sigmund
D:5 Pikel
D:9 Maurice


Message History

The iguana bites you.
Press: ? - help, v - describe, . - travel
Here: an iguana (severely wounded)
The floor, spattered with blood.
Unknown command.
You hit the iguana.
The iguana is severely wounded.
The iguana bites you!
You sock the iguana!
You kill the iguana!
Qazlal accepts your kill.
Found a stone staircase leading down.
You hear a shout!
Found a potion of invisibility.
Maurice gestures wildly while chanting.
Maurice blinks!
There is a stone staircase leading down here.
A worker ant comes into view.
You barely miss Maurice.
Maurice hits you with a +0 quarterstaff.
Maurice steals 2 of your 24 arrows! Maurice closely misses you.
You hit Maurice.
Your weapon exudes an aura of protection.
Maurice is lightly wounded.
The worker ant bites you.
Maurice zaps a wand.
The bolt of acid hits you!!
* * * LOW HITPOINT WARNING * * *
The acid corrodes you!
You are splashed with acid!
* * * LOW HITPOINT WARNING * * *
You feel much better. The worker ant barely misses you.
Maurice hits you with a +0 quarterstaff!
Maurice steals 447 gold pieces!
You now have 58 gold pieces.
As you read the scroll of teleportation, it crumbles to dust.
You feel strangely unstable. You block the worker ant's attack.
Maurice hits you with a +0 quarterstaff.
* * * LOW HITPOINT WARNING * * *
Maurice steals your +2 flail of distortion!
Maurice zaps a wand.
The bolt of acid hits you!!
* * * LOW HITPOINT WARNING * * *
The acid corrodes you!
You are splashed with acid!
You die...

####### ###########
#.....# ..........#
#.....#
.......@#.########......
######.B..>............#
#....@#######......#
.......!... #.##.###
.###.....##.# #.##.#
##...## # #.##.### ##.##
#....... .....#.#
####.##. ...#..#.# #.##.
. ..#..#># #.##.
..#.#..#.# #.##.


You could see Maurice and a worker ant.

Table legend:
 A = Kills in this place as a percentage of kills in entire the game.
 B = Kills by you in this place as a percentage of kills by you in the entire game.
 C = Kills by friends in this place as a percentage of kills by friends in the entire game.
 D = Other kills in this place as a percentage of other kills in the entire game.
 E = Experience gained in this place as a percentage of experience gained in the entire game.
 F = Experience gained in this place divided by the number of levels of this place that you have seen.
                   A       B       C       D       E      F
               +-------+-------+-------+-------+-------+----------------------
         Total | 100.0 | 100.0 | 100.0 | 100.0 | 100.0 | 716.6
       Dungeon | 100.0 | 100.0 | 100.0 | 100.0 | 100.0 | 716.6
               +-------+-------+-------+-------+-------+----------------------

Vanquished Creatures
  Monster Symbol All '5'
  2 lemures (D:5)
  2 shadow imps
  2 white imps
6 creatures vanquished. All '@' Terence (D:2)
1 creature vanquished. All 'B' 5 worker ants 5 giant cockroaches
10 creatures vanquished. All 'F' Prince Ribbit (D:9) 6 bullfrogs
7 creatures vanquished. All 'J' A jelly (D:6) An ooze (D:6)
2 creatures vanquished. All 'K' 5 kobolds
5 creatures vanquished. All 'O' 7 ogres
7 creatures vanquished. All 'S' A water moccasin (D:8) 8 adders 3 ball pythons
12 creatures vanquished. All 'W' A phantom (D:6)
1 creature vanquished. All 'Y' An ice beast (D:8)
1 creature vanquished. All 'Z' A bullfrog skeleton (D:8) A centaur skeleton (D:2) A hound skeleton (D:4) A worker ant zombie (D:6) An adder skeleton (D:5) A leopard gecko skeleton (D:4)
6 creatures vanquished. All 'b' 6 bats
6 creatures vanquished. All 'c' A centaur (D:6)
1 creature vanquished. All 'g' 3 gnolls (D:2) 6 hobgoblins 9 goblins
18 creatures vanquished. All 'h' 2 black bears 2 howler monkeys 4 hounds Natasha (D:2) 3 jackals (D:6)
12 creatures vanquished. All 'k' A swamp drake (D:8)
1 creature vanquished. All 'l' A komodo dragon (D:8) 4 wyverns 2 basilisks (D:8) 3 iguanas 6 leopard geckos 7 frilled lizards
23 creatures vanquished. All 'n' 3 necrophages
3 creatures vanquished. All 'o' 2 orc warriors 2 orc priests 9 orc wizards 37 orcs
50 creatures vanquished. All 'r' 2 quokkas 8 rats
10 creatures vanquished. All 'w' 2 worms 3 dart slugs
5 creatures vanquished. All 'z' 5 wights (D:7)
5 creatures vanquished.
192 creatures vanquished. Monster Nature Uniques Prince Ribbit (D:9) Terence (D:2) Natasha (D:2)
3 creatures vanquished. Natural Monsters A komodo dragon (D:8) 4 wyverns 2 basilisks (D:8) A water moccasin (D:8) A swamp drake (D:8) 2 black bears 2 orc warriors An ice beast (D:8) A centaur (D:6) 7 ogres 6 bullfrogs 2 howler monkeys 4 hounds A jelly (D:6) 2 orc priests 3 iguanas 9 orc wizards 5 worker ants 3 gnolls (D:2) 8 adders An ooze (D:6) 2 worms 3 dart slugs 6 leopard geckos 37 orcs 5 giant cockroaches 6 hobgoblins 3 jackals (D:6) 5 kobolds 2 quokkas 3 ball pythons 6 bats 7 frilled lizards 9 goblins 8 rats
168 creatures vanquished. Undead Monsters 3 necrophages A phantom (D:6) 5 wights (D:7) A bullfrog skeleton (D:8) A centaur skeleton (D:2) A hound skeleton (D:4) A worker ant zombie (D:6) An adder skeleton (D:5) A leopard gecko skeleton (D:4)
15 creatures vanquished. Demonic Monsters 2 lemures (D:5) 2 shadow imps 2 white imps
6 creatures vanquished.
192 creatures vanquished. Ascending Order A komodo dragon (D:8) Prince Ribbit (D:9) A water moccasin (D:8) A swamp drake (D:8) An ice beast (D:8) A centaur (D:6) A phantom (D:6) A jelly (D:6) A centaur skeleton (D:2) A bullfrog skeleton (D:8) Terence (D:2) Natasha (D:2) A hound skeleton (D:4) A worker ant zombie (D:6) An ooze (D:6) An adder skeleton (D:5) A leopard gecko skeleton (D:4) 2 basilisks (D:8) 2 orc warriors 2 black bears 2 lemures (D:5) 2 howler monkeys 2 orc priests 2 white imps 2 shadow imps 2 worms 2 quokkas 3 necrophages 3 iguanas 3 gnolls (D:2) 3 dart slugs 3 jackals (D:6) 3 ball pythons 4 wyverns 4 hounds 5 wights (D:7) 5 worker ants 5 kobolds 5 giant cockroaches 6 bullfrogs 6 leopard geckos 6 hobgoblins 6 bats 7 ogres 7 frilled lizards 8 adders 8 rats 9 orc wizards 9 goblins 37 orcs
192 creatures vanquished.

Action                   |  1- 3 |  4- 6 |  7- 9 | 10-12 || total
-------------------------+-------+-------+-------+-------++-------
Melee: Flail             |       |    73 |   355 |   116 ||   544
 Fire: Hand crossbow     |    30 |    14 |    12 |       ||    56
Throw: Boomerang         |    50 |    20 |    84 |    33 ||   187
 Cast: Magic Dart        |    24 |    20 |     2 |       ||    46
       Blink             |       |     3 |    13 |     1 ||    17
       Mephitic Cloud    |       |       |       |     2 ||     2
Evoke: Wand              |       |     4 |     3 |     1 ||     8
  Use: Potion            |     1 |       |       |     3 ||     4
       Scroll            |       |     1 |    10 |     1 ||    12
 Stab: Distracted        |       |       |     1 |       ||     1
       Invisible         |       |       |       |     2 ||     2
       Confused          |       |       |       |     1 ||     1
Armor: Robe              |    21 |       |       |       ||    21
       Leather armour    |       |    44 |   132 |    33 ||   209
Dodge: Dodged            |    50 |    60 |   224 |    71 ||   405
Block: Other             |       |       |    24 |     9 ||    33
